Map: 라이트쉐이드 - 래더

Players

인공지능 칸 (아주 쉬움)

  • Race: Terran Terran

Rot - Winner!

  • Race: Protoss Protoss

VOD

Have the link to the VOD?

Description

Time

  • Played on: Aug. 23, 2021, 2:39 p.m.
  • Length: 10:52
Show
View Real Time Build Order
Export as new Build Order

인공지능 칸 (아주 쉬움) Terran 

Build Orders: Reaper Expand 

Get SALT Encoding   

  12  0:00  SCV  
  13  0:13  SCV  
  14  0:18  Supply Depot  
  14  0:42  Barracks  
  14  1:02  Command Center  
  14  1:30  Supply Depot, Orbital Command  
  14  1:31  Marine  
  15  1:36  Refinery  
  15  1:46  Refinery  
  15  1:56  SCV  
  16  2:08  SCV  
  17  2:15  Reaper, SCV  
  18  2:22  SCV  
  20  2:29  SCV  
  21  2:37  SCV  
  22  2:44  Refinery, SCV  
  24  2:51  SCV  
  24  2:58  SCV  
  24  2:59  Marine  
  26  3:05  SCV  
  27  3:13  Factory, SCV  
  28  3:37  Refinery  
  28  3:38  SCV  
  29  3:44  Marine  
  29  3:45  SCV  
  31  3:52  SCV  
  32  3:56  Supply Depot  
  32  3:58  Starport  
  32  3:59  SCV  
  33  4:07  SCV  
  34  4:14  SCV  
  35  4:21  SCV  
  36  4:28  Reaper, SCV  
  38  4:35  Starport Tech Lab, SCV  
  38  4:36  Supply Depot  
  39  4:42  SCV  
  40  4:49  SCV  
  41  4:54  Raven  
  41  4:57  SCV  
  44  5:04  SCV  
  45  5:11  SCV  
  45  5:12  Marine  
  47  5:18  SCV  
  48  5:36  Raven  
  50  5:57  Marine  
  51  6:42  Barracks Tech Lab  
  51  7:03  Marauder  
  53  10:06  Reaper  
  49  10:10  Supply Depot  
  49  10:12  SCV  
  24  10:26  SCV  
Show
View Real Time Build Order
Export as new Build Order

Rot Protoss - Winner!

Build Orders: 1 Gate Expand, Blink Stalkers, Colossus Rush 

Get SALT Encoding   

  12  0:00  Probe  
  13  0:12  Probe  
  14  0:17  Pylon  
  14  0:24  Probe (Chrono Boost)  
  15  0:36  Probe (Chrono Boost)  
  15  0:37  Gateway  
  16  0:45  Probe (Chrono Boost)  
  16  0:46  Assimilator  
  17  0:51  Probe  
  18  1:03  Probe  
  19  1:15  Probe  
  20  1:22  Nexus  
  20  1:32  Cybernetics Core  
  20  1:35  Probe  
  21  1:40  Assimilator  
  21  1:47  Probe  
  21  1:51  Pylon  
  22  1:59  Probe  
  23  2:06  Adept (Chrono Boost)  
  23  2:10  Warp Gate  
  23  2:11  Probe  
  26  2:17  Twilight Council  
  26  2:24  Probe (Chrono Boost)  
  26  2:29  Stalker  
  29  2:34  Probe (Chrono Boost)  
  29  2:36  Probe (Chrono Boost)  
  31  2:43  Probe (Chrono Boost)  
  33  2:44  Probe (Chrono Boost)  
  33  2:48  Probe (Chrono Boost)  
  33  2:50  Probe  
  34  2:51  Blink (Chrono Boost)  
  35  3:00  Probe  
  35  3:02  Probe  
  37  3:13  Robotics Facility  
  37  3:16  Probe x2  
  37  3:19  Gateway  
  39  3:22  Gateway  
  39  3:28  Probe x2  
  39  3:32  Assimilator  
  41  3:35  Assimilator  
  41  3:36  Pylon  
  41  3:40  Probe x2  
  43  3:52  Probe x2  
  45  4:02  Stalker, Observer (Chrono Boost)  
  46  4:04  Pylon, Probe  
  46  4:05  Probe  
  50  4:13  Stalker  
  50  4:15  Pylon  
  52  4:19  Probe x2  
  52  4:22  Stalker, Observer (Chrono Boost)  
  57  4:27  Forge  
  57  4:29  Robotics Bay  
  57  4:34  Stalker  
  57  4:36  Observer  
  60  4:45  Nexus  
  60  4:48  Pylon  
  60  4:51  Probe  
  61  4:56  Probe  
  61  4:59  Protoss Ground Weapons Level 1  
  62  5:03  Probe  
  63  5:07  Sentry  
  63  5:08  Probe  
  63  5:12  Pylon  
  63  5:13  Colossus (Chrono Boost)  
  66  5:15  Probe  
  66  5:20  Probe  
  74  5:22  Pylon  
  74  5:23  Charge  
  74  5:28  Probe  
  74  5:29  Gateway  
  74  5:34  Gateway  
  75  5:40  Probe  
  75  5:41  Extended Thermal Lance  
  76  5:44  Probe  
  76  5:50  Colossus (Chrono Boost)  
  76  5:52  Probe  
  76  5:56  Probe  
  84  5:59  Zealot  
  84  6:01  Probe  
  88  6:04  Probe  
  88  6:07  Stalker  
  88  6:08  Probe  
  88  6:09  Sentry  
  93  6:13  Shield Battery, Probe  
  94  6:20  Sentry  
  94  6:22  Probe x2  
  98  6:28  Stalker x2, Pylon  
  98  6:30  Pylon  
  102  6:34  Probe x3  
  102  6:37  Stalker x2  
  109  6:40  Assimilator  
  109  6:44  Assimilator  
  109  6:48  Stalker  
  111  6:55  Pylon  
  111  6:56  Pylon  
  111  6:58  Stalker  
  113  7:03  Templar Archives  
  113  7:07  Gateway  
  113  7:09  Gateway  
  113  7:11  Gateway  
  113  7:12  Protoss Ground Armor Level 1 (Chrono Boost)  
  113  7:14  Shield Battery  
  113  7:15  Zealot x4  
  113  7:22  Psionic Storm  
  121  7:25  Photon Cannon  
  121  7:26  Photon Cannon  
  121  7:28  Photon Cannon  
  121  7:30  Probe  
  122  7:39  High Templar  
  122  7:40  High Templar, Pylon  
  126  7:50  High Templar  
  128  7:53  Zealot x2  
  128  7:56  Warp Prism  
  134  8:03  Pylon  
  134  8:04  High Templar  
  134  8:05  Pylon  
  136  8:07  Stalker x2  
  140  8:13  Zealot x4  
  140  8:18  Pylon  
  140  8:19  Pylon  
  148  8:23  Stalker  
  150  8:31  Pylon  
  150  8:36  Forge  
  150  8:42  Gateway  
  150  8:43  Stalker, Gateway  
  150  8:45  High Templar x2  
  150  8:47  High Templar x2  
  160  8:49  Zealot x3  
  160  8:51  Archon  
  160  8:52  Archon  
  166  9:03  Pylon  
  166  9:07  Pylon  
  166  9:17  Observer  
  166  9:21  Zealot x7  
  166  9:22  Zealot  
  183  9:28  Pylon  
  183  9:37  Stargate  
  183  9:39  Observer  
  183  9:41  Nexus  
  184  9:52  High Templar x2  
  186  9:54  Zealot x5  
  186  9:56  Zealot  
  200  10:00  Archon  
  200  10:11  Shield Battery  
  200  10:14  Shield Battery  
  200  10:17  Photon Cannon  
  200  10:18  Photon Cannon  
  200  10:21  Photon Cannon  
  200  10:23  Fleet Beacon, Photon Cannon  
  200  10:39  Cybernetics Core  
Tags
 
Add a new tag
Caveats
  • Supply blocks, unpowered buildings, or Contaminate may cause inaccurate times.
  • Supply counts are checked every 10 seconds.